 Dungeon Crawl Stone Soup version 0.22-a0-824-g1ca9aab89c (webtiles) character file.

553 Htamos the Conjurer (level 7, 0/40 HPs)
             Began as a Tengu Conjurer on July 24, 2018.
             Succumbed to a worker ant's poison
             ... on level 5 of the Dungeon.
             The game lasted 00:05:16 (5391 turns).

Htamos the Conjurer (Tengu Conjurer)                Turns: 5391, Time: 00:05:17

Health: 0/40       AC:  4    Str: 14    XL:     7   Next: 29%
Magic:  13/13      EV: 20    Int: 17    God:
Gold:   230        SH:  0    Dex: 19    Spells: 7/12 levels left

rFire    . . .     SeeInvis .   g - +2 dagger (protect)
rCold    . . .     Gourm    .   (no shield)
rNeg     . . .     Faith    .   a - +0 robe
rPois    .         Spirit   .   (helmet restricted)
rElec    .         Reflect  .   (no cloak)
rCorr    .         Harm     .   (no gloves)
MR       .....     Rnd*Tele +   (boots unavailable)
Stlth    ++++......             (no amulet)
HPRegen  0.13/turn              (no ring)
MPRegen  0.13/turn              (no ring)

@: mighty, agile, lethally poisoned (0 -> -6)
A: beak, talons 3, iridescent scales 1, teleportitis 1, able to fly 1
a: Fly


You were on level 5 of the Dungeon.
You were hungry.

You visited 1 branch of the dungeon, and saw 5 of its levels.

You collected 230 gold pieces.

Inventory:

Hand Weapons
 g - a +2 dagger of protection (weapon)
Armour
 a - a +0 robe (worn)
 i - a +0 scale mail
Jewellery
 j - an uncursed amulet of the acrobat {unknown}
 p - a cursed ring of attention {unknown}
 u - an uncursed ring of protection from fire {unknown}
Wands
 s - a wand of paralysis (3)
Scrolls
 b - 4 scrolls of identify {unknown}
 e - 2 scrolls of remove curse {unknown}
 f - a scroll of fear {unknown}
 h - 3 scrolls of enchant armour {unknown}
 n - a scroll of immolation {unknown}
 q - 2 scrolls of enchant weapon {unknown}
 t - 2 scrolls of teleportation {unknown}
Potions
 d - a potion of haste
Comestibles
 c - 5 rations
 v - 2 chunks of flesh


   Skills:
 + Level 2.6 Fighting
 + Level 3.9 Dodging
 + Level 3.9 Stealth
 + Level 3.3 Spellcasting
 * Level 7.8 Conjurations


You had 7 spell levels left.
You knew the following spells:

 Your Spells              Type           Power        Failure   Level  Hunger
a - Magic Dart            Conj           ####         1%          1    None
b - Iskenderun's Mystic   Conj           ####....     7%          4    ####...

Your spell library contained the following spells:

 Spells                   Type           Power        Failure   Level  Hunger
 Fulminant Prism          Conj/Hex       ###.......   32%         4    ####...
 Dazzling Spray           Conj/Hex       ###...       10%         3    ###....
 Force Lance              Conj/Tloc      ###.....     32%         4    ####...
 Searing Ray              Conj           ####..       1%          2    ##.....


Dungeon Overview and Level Annotations

Branches:
Dungeon (5/15)
 Temple: D:4-7

Altars:
Ru


Innate Abilities, Weirdness & Mutations

You have a beak for a mouth.
You have claws for feet.
You can fly.
You are partially covered in iridescent scales. (AC +2)
You are occasionally teleported next to monsters.


Message History

* * * LOW HITPOINT WARNING * * *
You feel sick.
Unknown command.
* * * LOW HITPOINT WARNING * * *
You feel sick.
There is a lethal amount of poison in your body!
* * * LOW HITPOINT WARNING * * *
You feel sick.
* * * LOW HITPOINT WARNING * * *
You feel sick.
* * * LOW HITPOINT WARNING * * *
You feel sick.
* * * LOW HITPOINT WARNING * * *
You feel sick.
* * * LOW HITPOINT WARNING * * *
You feel sick.
Okay, then.
Okay, then.
You are feeling hungry.
You die...

..###.............#
#...#######
.>..........#####.##
##.......... #..##..#..#.#
#..###.##########
.......#.##.# #.#...##
##.##.##....# #.#..##
#.##.#####.# #.#.##
#.##.#####.#####.#.#####
#.##.#.........#.#.#...#
#.##.#.........@.#.#...#
#.##.#..##.###.###.#...####
##.........................#
.........##................#
###...#.#######.##..†.......
#####.# #.#####...#...
#.#######.# ...# #.........#
...# ########### #....


There were no monsters in sight!

Vanquished Creatures
  A hippogriff (D:5)
  An ice beast (D:5)
  An orc priest (D:4)
  An orc wizard (D:4)
  3 worker ants
  5 adders
  A shadow imp (D:3)
  2 oozes
  3 worms
  3 leopard geckos
  3 orcs (D:3)
  A ball python (D:3)
  7 bats
  4 giant cockroaches
  7 goblins
  8 hobgoblins
  6 jackals
  2 quokkas
  A ball python skeleton (D:4)
  7 frilled lizards
  11 kobolds
  4 rats
82 creatures vanquished.

Notes
Turn   | Place    | Note
-------+----------+-------------------------------------------
     0 | D:1      | Htamos the Tengu Conjurer began the quest for the Orb.
     0 | D:1      | Reached XP level 1. HP: 10/10 MP: 4/4
   281 | D:1      | Reached XP level 2. HP: 15/15 MP: 3/6
  1102 | D:1      | Reached XP level 3. HP: 20/20 MP: 3/7
  1834 | D:2      | Reached skill level 6 in Conjurations
  1928 | D:2      | Found a sacrificial altar of Ru.
  1983 | D:2      | Reached XP level 4. HP: 24/24 MP: 6/8
  2062 | D:2      | Reached skill level 1 in Fighting
  3032 | D:3      | Gained mutation: You can fly. [Tengu growth]
  3032 | D:3      | Reached XP level 5. HP: 29/29 MP: 6/9
  4842 | D:4      | Reached XP level 6. HP: 12/35 MP: 11/11
  5199 | D:5      | Entered Level 5 of the Dungeon
  5223 | D:5      | Noticed a hippogriff
  5231 | D:5      | Killed a hippogriff
  5231 | D:5      | Reached skill level 7 in Conjurations
  5238 | D:5      | Learned a level 4 spell: Iskenderun's Mystic Blast
  5291 | D:5      | Reached XP level 7. HP: 35/40 MP: 8/12
  5375 | D:5      | Gained mutation: You are occasionally teleported next to monsters. [potion of mutation]
  5375 | D:5      | Gained mutation: You are partially covered in iridescent scales. (AC +2) [potion of mutation]
  5388 | D:5      | HP: 2/40 [poisoned by a worker ant]
  5391 | D:5      | Succumbed to a worker ant's poison

Vault maps used:
D:1:      dpeg_chamrin_arrival_tetris
D:2:      nicolae_ru_sacrificial_ziggurat
D:3:      first_ration, grunt_decor_fettered
D:5:      gammafunk_ghost_nasty_kobolds

Skill      XL: |  1  2  3  4  5  6 |
---------------+-------------------+-----
Conjurations   | 6 7 |  7.8
Fighting       | 1 2 |  2.6
Dodging        | 3 |  3.9
Stealth        | 3 |  3.9
Spellcasting   | 3 |  3.3

Action                   |  1- 3 |  4- 6 |  7- 9 || total
-------------------------+-------+-------+-------++-------
Melee: Dagger            |       |    34 |    11 ||    45
       Kick              |       |    13 |     1 ||    14
       Peck              |       |     4 |     1 ||     5
 Cast: Magic Dart        |    63 |   114 |     6 ||   183
       Iskenderun's Myst |       |       |     1 ||     1
Evoke: Wand              |       |     4 |       ||     4
  Use: Potion            |       |       |     6 ||     6
 Stab: Paralysed         |       |     3 |       ||     3
  Eat: Chunk             |     4 |     7 |     1 ||    12
       Ration            |       |     1 |       ||     1
Armor: Robe              |     1 |     9 |     6 ||    16
Dodge: Dodged            |     4 |    17 |    10 ||    31

Table legend:
 A = Spawn XP
 B = Non-spawn XP
 C = Spawn XP percentage of total XP
 D = Spawn monster count
 E = Non-spawn monster count
 F = Spawn count percentage of total count
 G = Total turns spent on level
                    A         B        C        D         E        F      G
               +---------+---------+-------+---------+---------+-------+---------
         Total |       0 |     790 |   0.0 |       0 |      82 |   0.0 |  5391
               +---------+---------+-------+---------+---------+-------+---------
           D:1 |       0 |      39 |   0.0 |       0 |      23 |   0.0 |  1527
           D:2 |       0 |      76 |   0.0 |       0 |      21 |   0.0 |  1106
           D:3 |       0 |      87 |   0.0 |       0 |      28 |   0.0 |  1376
           D:4 |       0 |     137 |   0.0 |       0 |       6 |   0.0 |  1190
           D:5 |       0 |     451 |   0.0 |       0 |       4 |   0.0 |   192
               +---------+---------+-------+---------+---------+-------+---------
